Description

6min Timing Attack with Roaches+1+speed at Natural (or 3rd) with drops of roaches at main and natural bases.

VOD

https://clips.twitch.tv/RacySincereDonutKeepo

Replay -

Build Order

Get SALT Encoding   

  12  0:01  Drone  
  13  0:13  Overlord  
  13  0:15  Drone  
  14  0:33  Drone x2  
  16  0:48  Hatchery  
  15  0:51  Drone  
  16  0:55  Drone  Rally to Extractor
  17  0:59  Drone  Rally next to Extractor, morph into SP
  18  1:10  Extractor  
  17  1:15  Spawning Pool  
  16  1:19  Drone  Rally to Extractor
  17  1:21  Drone  Rally to Extractor
  18  1:28  Drone  Rally to Extractor
  19  1:35  Overlord  
  19  1:45  Drone  Rally Drones to Natural
  20  1:50  Drone  
  21  2:00  Queen x2  Defense and Injects Larva
  25  2:05  Zergling x2  Explore or Defend
  27  2:14  Overlord  
  27  2:15  Metabolic Boost  
  27  2:16  Drone  
  28  2:30  Drone x2  
  30  2:35  Drone x2  
  32  2:45  Queen x2  Defense and Creep Spread
  36  2:55  Overlord x2  
  36  3:05  Drone x4  
  40  3:20  Drone x5  or Zerglings x5 if under attack
  40  3:21  Lair  
  45  3:25  Evolution Chamber  
  44  3:27  Extractor x2  
  42  3:30  Roach Warren  
  41  3:32  Pneumatized Carapace  
  41  3:35  Drone  Drones x(n) for saturate natural+gases
  41  3:36  Overlord x2  Overlord x2 for each inject
  50  4:00  Zerg Missile Weapons Level 1  
  55  4:20  Glial Reconstitution  
  55  4:25  Ventral Sacs x2  2 Dropverlords for drops
  55  4:30  Roach x4  Rally to Overlord
  63  4:45  Roach x4  Rally to Overlord
  67  5:10  Roach x10  For push
  85  5:55  Spore Crawler x2  Each Base in mineral line for Defense before push
  83  6:00  Hatchery  Rally Drops in Each mineral line and Push
Spawning Tool Build Advisor. Get it on Overwolf

Analysis

Rally drop overlords in each enemy mineral line and Push at the same time. Try to coordinate the push before the drops arrive

Go to:

Details

  • Created by: RXCAs
  • Published on: Jul 29, 2020
  • Modified on: Jul 29, 2020
  • Patch: 4.11.0
  • Difficulty: Easy
Show
View Real Time Build Order
Export as new Build Order

Comments (2)

On Feb. 2, 2021, 9:04 p.m., FlyingFridge  said:

Zerglings not having meta boosts just isn't a thing :)

On Oct. 18, 2020, 2:46 p.m., BlipDool  said:

Why metabolic boost?

Create an account to comment!